 Dungeon Crawl Stone Soup version 0.29.1-4-g47bece8355 (webtiles) character file.

Game seed: 17237809506114795807

567 javelincjr the Magician (level 7, 0/48 HPs)
             Began as a Djinni Conjurer on Dec 10, 2022.
             Slain by a black bear (2 damage)
             ... on level 4 of the Dungeon.
             The game lasted 00:23:09 (4775 turns).

javelincjr the Magician (Djinni Conjurer)           Turns: 4775, Time: 00:23:09

Health: 0/48       AC:  2    Str:  6    XL:     7   Next: 59%
Gold:   288        EV: 12    Int: 21    God:
                   SH:  0    Dex: 12

rFire   + + .      SeeInvis .   b - +2 short sword (vorpal)
rCold   x . .      Faith    .   (no shield)
rNeg    . . .      Spirit   .   n - +0 robe {Will+}
rPois   ∞          Reflect  .   (no helmet)
rElec   .          Harm     .   (no cloak)
rCorr   .          Rampage  .   (no gloves)
Will    +....      Rage     3%  (boots unavailable)
Stlth   ++........              (no amulet)
HPRegen 0.16/turn               (no ring)
MPRegen 0.00/turn               (no ring)

@: flying, very slightly contaminated
A: sickness immunity, fire resistance 2, cold vulnerability 1, float, innate
caster, HP casting, extra vitality 1, berserk 1, inability to drink after injury
1
a: no special abilities


You were on level 4 of the Dungeon.
You visited 1 branch of the dungeon, and saw 7 of its levels.

You collected 288 gold pieces.

Inventory:

Hand Weapons
 b - a +2 vorpal short sword (weapon)
Missiles
 c - 36 stones
 q - 2 poisoned darts (quivered)
Armour
 a - a +0 robe
 n - a +0 robe of willpower (worn)
Jewellery
 d - a ring of see invisible
 l - an amulet of reflection
Scrolls
 f - 3 scrolls of identify
 h - a scroll of teleportation
Potions
 e - a potion of haste
 g - 2 potions of attraction
 j - a potion of heal wounds
 k - a potion of ambrosia
 r - 2 potions of curing


   Skills:
 + Level 1.8 Fighting
 + Level 2.9 Short Blades
 + Level 3.2 Dodging
 + Level 3.1 Stealth
 + Level 5.1 Spellcasting


You couldn't memorise any spells.
You knew the following spells:

 Your Spells              Type           Power      Damage    Failure   Level
a - Magic Dart            Conj           100%       1d8       1%          1
b - Searing Ray           Conj           52%        2d6       1%          2
c - Dazzling Flash        Conj/Hex       52%        N/A       4%          3
d - Fulminant Prism       Conj/Hex       13%        3d9       13%         4
e - Iskenderun's Mystic   Conj/Tloc      26%        2d7       13%         4
f - Slow                  Hex            100%       N/A       1%          1
g - Poisonous Vapours     Pois/Air       52%        N/A       1%          2
h - Ensorcelled Hibernat  Hex/Ice        52%        N/A       1%          2
Your spell library was empty.

Dungeon Overview and Level Annotations

Branches:
Dungeon (7/15)
 Temple: D:4-7

Altars:

Shops:
D:2 [

Annotations:
D:4 Natasha, Pikel
D:5 Eustachio


Innate Abilities, Weirdness & Mutations

You are immune to sickness and miasma.
You are immune to poison.
Your flesh is very heat resistant. (rF++)
You are vulnerable to cold. (rC-)
You float through the air rather than walking.
You learn spells naturally, not from books.
Your magical power is your life essence.
You have superior vitality. (+4 MHP)
You sometimes lose your temper in combat.
You occasionally lose the ability to drink potions when taking damage.


Message History

Aiming: Fulminant Prism (quite dangerous; 13% risk of failure)
Press: ? - help, Dir - move target You conjure a prism of explosive energy!
A fulminant prism comes into view.
Okay, then.
Your fulminant prism crackles loudly.
You see here a ball python corpse.
Throw: 3 darts (poison)
Press: ? - help, Q - select action, (/) - cycle Shift-Dir - straight line, f - black bear
Aim: a black bear (severely wounded, ally target, 64% to hit)
You throw a poisoned dart. The poisoned dart hits the black bear.
The black bear is poisoned.
The black bear is severely wounded.
Your fulminant prism explodes!
You hear a shout!
Natasha, Servant of Life and Death comes into view.
The black bear goes berserk!
Natasha casts a spell at you. The magic dart hits you!
You feel threatened and lose the ability to drink potions!
* * * LOW HITPOINT WARNING * * *
You can drink potions again.
Natasha howls an incantation.
Natasha glows brightly for a moment.
Casting: Fulminant Prism (quite dangerous; 13% risk of failure)
Confirm with . or Enter, or press ? or * to list all spells.
You don't know that spell.
Casting: Fulminant Prism (quite dangerous; 13% risk of failure)
Confirm with . or Enter, or press ? or * to list all spells.
The spell is quite dangerous to miscast (13% risk of failure)!
Continue anyway?
You erupt in a blast of force!
The mystic blast hits Natasha.
Natasha is heavily wounded.
Natasha is knocked back by the mystic blast.
The mystic blast hits the black bear!
The black bear is almost dead.
* * * LOW HITPOINT WARNING * * *
The black bear bites you.
* * * LOW HITPOINT WARNING * * *
The black bear claws you.
You die...

......# #.......#
.......# .....$.#
.h.....+ #######
#......#
#.....###......##
#....>.†.........
#....($.h@.......
#................
#................
#................
#.<..............
#....#######...#.
###### #### #. #.
.


You could see a black bear (berserk, poisoned) and Natasha.

Vanquished Creatures
  2 scorpions
  3 howler monkeys (D:7)
  A hound (D:5)
  A gnoll bouda (D:3)
  2 orc wizards
  Terence (D:3)
  An iguana (D:3)
  4 gnolls (D:3)
  5 adders
  A shadow imp (D:7)
  A worm (D:3)
  A dart slug (D:3)
  6 orcs
  5 ball pythons
  An endoplasm (D:2)
  2 giant cockroaches
  3 goblins
  8 hobgoblins
  6 quokkas
  8 bats
  2 frilled lizards (D:1)
  11 kobolds
  6 rats
81 creatures vanquished.

Vanquished Creatures (others)
  9 fulminant prisms
9 creatures vanquished.

Grand Total: 90 creatures vanquished

Notes
Turn   | Place    | Note
-------+----------+-------------------------------------------
     0 | D:1      | javelincjr the Djinni Conjurer began the quest for the Orb.
     0 | D:1      | javelincjr set off with the following spells memorised:
                  | Magic Dart, Searing Ray, Dazzling Flash, Fulminant Prism,
                  | Iskenderun's Mystic Blast.
     0 | D:1      | Reached XP level 1. HP: 15/15 MP: 0/0
   282 | D:1      | Reached XP level 2. HP: 19/21 MP: 0/0
  1037 | D:1      | Reached XP level 3. HP: 19/25 MP: 0/0
  1037 | D:1      | Learned a level 1 spell: Slow
  1865 | D:2      | Found Qedud's Armour Shop.
  1908 | D:2      | Reached skill level 1 in Short Blades
  2081 | D:2      | Reached XP level 4. HP: 27/31 MP: 0/0
  2627 | D:3      | Reached skill level 4 in Spellcasting
  2897 | D:3      | Reached XP level 5. HP: 20/36 MP: 0/0
  2897 | D:3      | Learned a level 2 spell: Poisonous Vapours
  3161 | D:3      | Noticed Terence
  3167 | D:3      | Killed Terence
  3671 | D:3      | Reached XP level 6. HP: 37/41 MP: 0/0
  3810 | D:3      | Found a faded altar of an unknown god.
  3955 | D:4      | Noticed a black bear
  3962 | D:4      | Reached skill level 1 in Fighting
  4068 | D:4      | Noticed Pikel
  4068 | D:4      | You are sucked into a shaft and drop 3 floors!
  4093 | D:7      | Reached XP level 7. HP: 35/47 MP: 0/0
  4093 | D:7      | Learned a level 2 spell: Ensorcelled Hibernation
  4465 | D:6      | Gained mutation: You passively map a small area around you.
                  | [potion of mutation]
  4465 | D:6      | Gained mutation: You occasionally lose the ability to drink
                  | potions when taking damage. [potion of mutation]
  4465 | D:6      | Gained mutation: Your body sometimes deteriorates upon
                  | taking damage. [potion of mutation]
  4465 | D:6      | Gained mutation: You have a pair of small horns on your
                  | head. [potion of mutation]
  4466 | D:6      | Lost mutation: You have a pair of small horns on your head.
                  | [potion of mutation]
  4466 | D:6      | Lost mutation: Your body sometimes deteriorates upon taking
                  | damage. [potion of mutation]
  4466 | D:6      | Lost mutation: You passively map a small area around you.
                  | [potion of mutation]
  4466 | D:6      | Gained mutation: You sometimes lose your temper in combat.
                  | [potion of mutation]
  4591 | D:5      | Entered Level 5 of the Dungeon
  4597 | D:5      | Noticed Eustachio
  4616 | D:5      | Reached skill level 5 in Spellcasting
  4757 | D:5      | Noticed a shadow
  4773 | D:4      | Noticed Natasha
  4775 | D:4      | HP: 2/48 [black bear (4)]
  4775 | D:4      | Slain by a black bear

Illustrated notes

Levels and vault maps discovered:
D:1:      beargit_arrival_diablo_church, layout_basic
D:2:      layout_loops_ring, serial_shops, shop, minmay_misc_feat_five,
          kennysheep_generic_room_10
D:3:      layout_rooms, shapermc_ecumenical_altar_mp_vishouse, uniq_terence
D:4:      layout_gridville, minmay_temple_entry_poolview, uniq_pikel,
          uniq_natasha, uniq_edmund, uniq_robin
D:5:      layout_cave_pools, chequers_temple_overflow_statue_of_worship,
          nicolae_sif_muna_condensation, uniq_eustachio
D:6:      layout_basic
D:7:      layout_basic, grunt_temple_overflow_open, hex_intersection

Skill      XL: |  1  2  3  4  5  6  7 |
---------------+----------------------+-----
Stealth        | 2 3 |  3.1
Short Blades   | 1 2 |  2.9
Spellcasting   | 4 5 |  5.1
Fighting       | 1 |  1.8
Dodging        | 3 |  3.2

Action                   |  1- 3 |  4- 6 |  7- 9 || total
-------------------------+-------+-------+-------++-------
Melee: Short sword       |    50 |    28 |    11 ||    89
       Punch             |       |       |     1 ||     1
Throw: Dart              |       |       |     1 ||     1
 Cast: Magic Dart        |    31 |    14 |     8 ||    53
       Searing Ray       |     4 |     9 |     5 ||    18
       Fulminant Prism   |       |     6 |     3 ||     9
       Iskenderun's Myst |       |     1 |     3 ||     4
  Use: Scroll            |     7 |     1 |     7 ||    15
       Potion            |       |       |     2 ||     2
 Stab: Sleeping          |     1 |     1 |       ||     2
Armor: Robe              |     7 |     1 |     3 ||    11
Dodge: Dodged            |    31 |    24 |    14 ||    69
